 Dungeon Crawl Stone Soup version 0.27.1-33-g824d729ab1 (webtiles) character file.

Game seed: 17929115410585927396

32 DearestLeader the Sneak (level 3, -3/25 HPs)
             Began as a Gnoll Wanderer on Dec 1, 2021.
             Slain by Natasha (8 damage)
             ... on level 2 of the Dungeon.
             The game lasted 00:02:22 (2111 turns).

DearestLeader the Sneak (Gnoll Wanderer)            Turns: 2111, Time: 00:02:23

Health: -3/25      AC:  9    Str: 12    XL:     3   Next: 25%
Magic:  13/13      EV: 10    Int: 10    God:
Gold:   76         SH:  0    Dex: 12    Spells: 3/3 levels left

rFire    . . .     SeeInvis .   a - +0 dagger
rCold    . . .     Faith    .   (no shield)
rNeg     . . .     Spirit   .   d - +2 scale mail
rPois    .         Reflect  .   (no helmet)
rElec    .         Harm     .   (no cloak)
rCorr    .         Rampage  .   (no gloves)
Will     .....                  (no boots)
Stlth    ++........             (no amulet)
HPRegen  0.08/turn              k - ring of magical power
MPRegen  0.13/turn              (no ring)

@: slowed, very slow
A: fangs 1, strong nose, distributed training
a: no special abilities


You were on level 2 of the Dungeon.
You visited 1 branch of the dungeon, and saw 2 of its levels.

You collected 76 gold pieces.

Inventory:

Hand Weapons
 a - a +0 dagger (weapon)
Armour
 d - a +2 scale mail (worn)
Jewellery
 k - a ring of magical power (left hand)
Scrolls
 b - 3 scrolls of teleportation
 e - a scroll of noise {unknown}
 f - a scroll of identify {unknown}
 i - a scroll of enchant armour {unknown}
 l - a scroll of fear {unknown}
Potions
 c - a potion of lignification
 g - a potion of attraction {unknown}
 h - a potion of cancellation {unknown}
 j - 3 potions of curing {unknown}


   Skills:
 + Level 0.7 Fighting
 + Level 2.6 Short Blades
 + Level 0.7 Long Blades
 + Level 0.7 Axes
 + Level 0.7 Maces & Flails
 + Level 0.7 Polearms
 + Level 0.7 Staves
 + Level 0.7 Slings
 + Level 2.6 Bows
 + Level 0.7 Crossbows
 + Level 0.7 Throwing
 + Level 4.5 Armour
 + Level 4.5 Dodging
 + Level 7.8 Stealth
 + Level 0.7 Shields
 + Level 0.7 Unarmed Combat
 + Level 0.7 Spellcasting
 + Level 0.5 Conjurations
 + Level 0.5 Hexes
 + Level 0.5 Summonings
 + Level 0.5 Necromancy
 + Level 0.5 Translocations
 + Level 0.5 Transmutations
 + Level 0.5 Fire Magic
 + Level 0.5 Ice Magic
 + Level 0.5 Air Magic
 + Level 0.5 Earth Magic
 + Level 0.5 Poison Magic
 + Level 0.9 Invocations
 + Level 0.7 Evocations


You had 3 spell levels left.
You didn't know any spells.
Your spell library contained the following spells:

 Spells                   Type           Power      Damage    Failure   Level
 Summon Small Mammal      Summ           4%         N/A       80%         1
 Call Canine Familiar     Summ           1%         N/A       99%         3
 Summon Guardian Golem    Hex/Summ       1%         N/A       99%         3


Dungeon Overview and Level Annotations

Branches:
Dungeon (2/15)

Altars:

Annotations:
D:2 Natasha


Innate Abilities, Weirdness & Mutations

You have very sharp teeth.
Your uncanny sense of smell can sniff out nearby items.
Your experience applies equally to all skills.


Message History

Natasha claws you but does no damage.
You hit Natasha but do no damage.
Natasha is lightly wounded.
Natasha barely misses you.
You closely miss Natasha.
Natasha is lightly wounded.
Natasha claws you but does no damage.
You barely miss Natasha. You bite Natasha.
Natasha is lightly wounded.
Natasha casts a spell at you.
You feel yourself slow down.
You hit Natasha.
Natasha is moderately wounded.
Natasha claws you.
You hit Natasha but do no damage.
Natasha is moderately wounded.
Natasha claws you.
You hit Natasha. Your bite misses Natasha.
Natasha is moderately wounded.
Natasha misses you. Natasha claws you.
You hit Natasha. Your bite misses Natasha.
Natasha is heavily wounded.
Natasha closely misses you.
You hit Natasha. Your bite misses Natasha.
Natasha is severely wounded.
Natasha claws you.
You closely miss Natasha.
Natasha is severely wounded.
Natasha barely misses you.
You hit Natasha but do no damage.
Natasha is severely wounded.
Natasha claws you but does no damage. Natasha claws you.
You hit Natasha.
Natasha is severely wounded.
Natasha claws you.
* * * LOW HITPOINT WARNING * * *
You hit Natasha.
Natasha is severely wounded.
Natasha claws you!
You die...

##### # ######## .. #
#......# ∆ .######
####......+ ..#...
..........# ....##.
####......## ....... #
#.#...######....### #
#.#.#.............. #
#.....#....@h..# #
#...#.#.##.#....... #
#.#.#.#.##...#.######## #
#.#.#.#.#####.........## #
#.#.#.#............ ...#
######.#.#.#...........###..#
.......#.#.#............##..#
.....#†..#.#<.........#.##..#
####.#.###.#.#.###.#........#


You could see Natasha.

Vanquished Creatures
  An adder (D:2)
  A dart slug (D:2)
  An endoplasm (D:2)
  A giant cockroach (D:2)
  3 goblins (D:2)
  2 hobgoblins
  A quokka (D:1)
  3 ball pythons
  2 bats (D:2)
  A frilled lizard (D:2)
  2 kobolds
  3 rats
21 creatures vanquished.

Notes
Turn   | Place    | Note
-------+----------+-------------------------------------------
     0 | D:1      | DearestLeader the Gnoll Wanderer began the quest for the
                  | Orb.
     0 | D:1      | DearestLeader set off with the following items: a +0
                  | dagger, a scroll of teleportation, a potion of
                  | lignification, a +2 scale mail
     0 | D:1      | Reached XP level 1. HP: 13/13 MP: 1/1
   897 | D:1      | Found a faded altar of an unknown god.
  1138 | D:2      | Reached XP level 2. HP: 19/19 MP: 2/2
  1860 | D:2      | Reached XP level 3. HP: 25/25 MP: 3/3
  2093 | D:2      | Noticed Natasha
  2111 | D:2      | Slain by Natasha

Illustrated notes

Levels and vault maps discovered:
D:1:      onia_arrival_mini_maze, layout_loops_ring, serial_forest,
          infiniplex_forest_lined_3, infiniplex_forest_lined_1,
          infiniplex_forest_clump_C, infiniplex_forest_clump_large,
          infiniplex_forest_end_double, infiniplex_forest_corner_1,
          dreamdust_ecumenical_altar_angels_and_demons, hangedman_decor_growths
D:2:      layout_basic, chequers_serial_rivers_micro_b, grunt_ministairs_9,
          uniq_natasha

Action                   || total
-------------------------++-------
Melee: Dagger            ||   120
       Bite              ||    10
 Stab: Sleeping          ||     2
Armor: Scale mail        ||    46
Dodge: Dodged            ||    53
